Unix NetHack Version 5.0.0-0 post-release - last build May 31 2026 13:37:37 (4f47d67043fb8e84071ad9bc9740482a2de5bd5e,branch:main).

Game began 2026-05-31 19:37:13, ended 2026-05-31 20:39:34.

Felix1, neutral male human Barbarian

             ---                         ---
   ---      --.----   ---                |..------
  --.--    |.......----.|      --..|     |.....|..|
  |...|    |............|      |...---   --.--....----------------------------
  |-.-|    --..).....----      |.....---- |.----.............................--
  |...|     --..>....|         |..--....---..- |....--------------------.--...|
  --..--    |..).....--   ------.- --.....[%).-------                  |......|
  --...|   --.........|   |......|  ---..*)|.(...|          ---        --^-----
--.*...-  --...)[.....--  |)------    |....--....-         -......---------
|.......---...---....^?|  |.|          -.^..|--...         |.........--@------
|.........)..-- --.....|---.|      |..--...----...     ..---*........%o..|...|
---.........--   |.).--|....|      -.......| |...- ...........--.- -.%.......--
  --..--...--    |.--- |.----     |........---...| -.......------- |..........|
   ------.--     |.|   |.|        |..............  -...--..-       |..)......--
        ---      |.|   |+|        |...-...............   ...--.--.--.........|
                 |.-----.|        |.................*.  --.............|.|.--
                --...[...|        |..............----.  |............-------
               --...------        |............--       --.......--^-
               |....|             ----..---...--         .^..|.------
               --.---                                    -..----
                ---                                      ----
Felix1 the Bandit          St:13 Dx:16 Co:17 In:7 Wi:5 Ch:6  Neutral
Dlvl:3  $:145 HP:0(50) Pw:14(14) AC:6  Xp:6 T:3298 

Latest messages:
 The hill orc wields a dagger!
 You miss the hill orc.
 The hill orc thrusts her dagger.
 The hill orc hits!
 Are you sure you want to pray? [yn] (n) y
 You begin praying to Crom.
 You are surrounded by a shimmering light.
 The hill orc starts to attack you, but pulls back.
 The hill orc starts to attack you, but pulls back.
 The hill orc starts to attack you, but pulls back.
 You finish your prayer.
 You feel that Crom is well-pleased.
 You feel much better.
 You miss the hill orc.
 The hill orc thrusts her dagger.
 The hill orc hits!
 The hill orc hits!
 You smite the hill orc!
 The hill orc thrusts her dagger.
 The hill orc hits!
 You smite the hill orc!
 The hill orc swings his scimitar.
 The hill orc hits!
 You smite the hill orc.
 The hill orc thrusts her dagger.
 The hill orc hits!
 The hill orc hits!
 You smite the hill orc.
 The hill orc swings his scimitar.
 The hill orc hits!
 The hill orc thrusts her dagger.
 The hill orc hits!
 The hill orc hits!
 You see here a dagger.
 The hill orc picks up a dagger.
 The hill orc picks up a dagger.
 You miss the hill orc.
 The hill orc thrusts one of her daggers.
 The hill orc hits!
 You smite the hill orc.
 The hill orc thrusts one of her daggers.
 The hill orc hits!
 This tastes like slime mold juice.
 Call an emerald potion: fruit 
 You smite the hill orc!
 The hill orc thrusts one of her daggers.
 The hill orc hits!
 You die...
 Do you want your possessions identified? [ynq] (y) y
 Do you want to see your attributes? [ynq] (y) q

Inventory:
 Coins    ('$')
  $ - 145 gold pieces
 Weapons  (')')
  D - a blessed +1 orcish dagger
  b - a +0 axe (alternate weapon; not wielded)
  a - a +0 two-handed sword (weapon in hands)
 Armor    ('[')
  u - an uncursed +0 dwarvish iron helm (being worn)
  r - an uncursed +0 dwarvish cloak
  c - an uncursed rusty +0 ring mail (being worn)
 Comestibles  ('%')
  k - an uncursed lembas wafer
 Scrolls  ('?')
  h - a cursed scroll of amnesia
  e - an uncursed scroll of identify
 Potions  ('!')
  g - a blessed potion of healing
  o - an uncursed potion of oil
 Rings    ('=')
  s - a cursed ring of teleportation
 Tools    ('(')
  A - a horn of plenty (0:3)
  j - an uncursed blindfold
  E - an uncursed oil lamp
  y - a +0 pick-axe
 Gems/Stones  ('*')
  B - an uncursed worthless piece of orange glass
  t - 2 uncursed worthless pieces of red glass
  C - 2 uncursed worthless pieces of violet glass
  z - 2 uncursed worthless pieces of white glass
  x - 2 uncursed worthless pieces of yellowish brown glass

Felix1 the Barbarian's attributes:

Background:
 You were a Bandit, a level 6 male human Barbarian.
 You were neutral, on a mission for Crom
 who was opposed by Mitra (lawful) and Set (chaotic).
 You were right-handed.
 You were in the Gnomish Mines, on level 3.
 You entered the dungeon 3298 turns ago.
 There was a full moon in effect when your adventure ended.
 You had 440 experience points, 200 more were needed to attain level 7.

Basics:
 You had 0 out of 50 hit points.
 You had all 14 energy points (spell power).
 Your armor class was 6.
 Your wallet contained 145 zorkmids.
 Autopickup was off.

Final Characteristics:
 Your strength was 13 (peak:18/04, limit:18/100).
 Your dexterity was 16 (limit:18).
 Your constitution was 17 (limit:18).
 Your intelligence was 7 (limit:18).
 Your wisdom was 5 (limit:18).
 Your charisma was 6 (limit:18).

Final Status:
 You weren't hungry.
 You were unencumbered.
 You were wielding a two-handed sword.
 You had basic skill with two-handed sword and could have enhanced that.

Final Attributes:
 You were piously aligned.
 You were poison resistant.
 You were warded.
 You were lucky.
 You are dead.

Miscellaneous:
 You didn't encounter any bones levels.
 Total elapsed playing time was 1 hour, 2 minutes and 6 seconds.

Major events:
 Turn
    1: Felix1 the neutral male human Barbarian entered the dungeon
 1005: attained the rank of Pillager (level 3)
 1218: entered the Gnomish Mines
 2654: attained the rank of Bandit (level 6)
 3298: killed by a hill orc

You didn't know any spells.

Skills:
 Fighting Skills
   bare handed combat [Basic]
   two weapon combat  [Unskilled]
   riding             [Unskilled]
 Weapon Skills
   dagger             [Unskilled]
   axe                [Basic]
   pick-axe           [Unskilled]
   short sword        [Unskilled]
   broadsword         [Unskilled]
   long sword         [Unskilled]
   two-handed sword   [Basic]
   saber              [Unskilled]
   club               [Unskilled]
   mace               [Unskilled]
   morning star       [Unskilled]
   flail              [Unskilled]
   hammer             [Unskilled]
   quarterstaff       [Unskilled]
   spear              [Unskilled]
   trident            [Unskilled]
   bow                [Unskilled]
 Spellcasting Skills
   attack spells      [Unskilled]
   escape spells      [Unskilled]

Voluntary challenges:
 Character rerolling was not enabled.
 You were illiterate.
 You never genocided any monsters.
 You never polymorphed an object.
 You never changed form.
 You used no wishes.
Achievements:
 You entered a shop.
 You attained the rank of Pillager.
 You entered the Gnomish Mines.
 You attained the rank of Bandit.

 The Dungeons of Doom: levels 1 to 2
    Level 1:
       An altar to Crom, a fountain, a sink.
    Level 2:
       A scroll shop, a fountain.
       Stairs down to The Gnomish Mines.
 The Gnomish Mines: levels 3 to 4
    Level 3: <- You were here.
       Final resting place for
          you, killed by a hill orc.
    Level 4:


Vanquished creatures:
 an imp
  a rock piercer
  a fog cloud
  2 gnome leaders
  a kobold mummy
  a gray ooze
 an elf zombie
  4 giant ants
  4 dwarves
  2 homunculi
  a kobold shaman
  2 hill orcs
 an iguana
  a gas spore
  a hobbit
  a hobgoblin
  a giant rat
  a cave spider
  a green mold
 18 gnomes
  a gecko
  a jackal
  a kobold
  5 goblins
  4 sewer rats
  2 lichens
  a kobold zombie
  8 newts
69 creatures vanquished.

No species were genocided or became extinct.

Game over:
                       ----------
                      /          \
                     /    REST    \
                    /      IN      \
                   /     PEACE      \
                  /                  \
                  |      Felix1      |
                  |      145 Au      |
                  | killed by a hill |
                  |       orc        |
                  |                  |
                  |                  |
                  |       2026       |
                 *|     *  *  *      | *
        _________)/\\_//(\/(/\)/\//\/|_)_______

Goodbye Felix1 the Barbarian...

You died in The Gnomish Mines on dungeon level 3 with 2041 points,
and 145 pieces of gold, after 3298 moves.
You were level 6 with a maximum of 50 hit points when you died.

